 Dungeon Crawl Stone Soup version 0.19.1 (webtiles) character file.

440 RKaid the Magician (level 7, -4/41 HPs)
             Began as an Octopode Wizard on Dec 25, 2016.
             Was an Initiate of Sif Muna.
             Slain by an orc
             ... wielding a +0 flail
              (11 damage)
             ... on level 3 of the Dungeon.
             The game lasted 00:16:14 (6095 turns).

RKaid the Magician (Octopode Wizard)                Turns: 6095, Time: 00:16:14

Health: -4/41      AC:  1    Str:  7    XL:     7   Next: 2%
Magic:  0/14       EV: 13    Int: 22    God:    Sif Muna [......]
Gold:   172        SH:  0    Dex: 10    Spells: 5 memorised, 5 levels left

rFire  . . .     SeeInvis +     e - +0 short sword
rCold  . . .     Gourm    +     (no shield)
rNeg   . . .     Faith    .     a - +0 hat
rPois  .         Spirit   .     l - amulet of the gourmand {Gourm}
rElec  .         Reflect  .     k - ring of protection from magic {MR+}
rCorr  .         Harm     .     j - ring of see invisible {sInv}
MR     +....                    (no ring)
Stlth  +++.......               (no ring)
                                (no ring)
                                (no ring)
                                (no ring)
                                (no ring)

@: no status effects
A: almost no armour, stealthy swim, amphibious, 8 rings, constrict 8, camouflage
1, gelatinous body 1
a: Renounce Religion


You were on level 3 of the Dungeon.
You worshipped Sif Muna.
Sif Muna was noncommittal.
You were very full.

You visited 2 branches of the dungeon, and saw 6 of its levels.

You collected 172 gold pieces.

Inventory:

Hand Weapons
 e - a +0 short sword (weapon)
   (You took it off a kobold on level 1 of the Dungeon)
 r - a +0 blowgun
   (You took it off a kobold on level 3 of the Dungeon)
Missiles
 o - 3 curare-tipped needles
 t - 16 poisoned needles
Armour
 a - a +0 hat (worn)
Jewellery
 j - a ring of see invisible (right tentacle) {sInv}
   (You found it on level 1 of the Dungeon)
 k - a ring of protection from magic (left tentacle) {MR+}
   (You found it on level 1 of the Dungeon)
 l - an amulet of the gourmand (around mantle) {Gourm}
   (You found it on level 2 of the Dungeon)
Scrolls
 i - 5 scrolls of identify
 w - 2 scrolls of remove curse
Potions
 m - 2 potions of heal wounds {unknown}
 p - 2 potions of brilliance {unknown}
 s - a potion of curing {unknown}
 x - a potion of mutation {unknown}
Books
 b - a book of Minor Magic
Comestibles
 c - 4 bread rations
 d - 2 slices of pizza
 h - 2 beef jerkies
 q - 3 fruits


   Skills:
 - Level 2.0 Dodging
 - Level 2.6 Stealth
 + Level 5.2 Spellcasting
 + Level 4.2 Conjurations
   Level 1.0 Summonings
 - Level 2.4 Translocations
 + Level 1.4 Poison Magic


You had 5 spell levels left.
You knew the following spells:

 Your Spells              Type           Power        Failure   Level  Hunger
a - Magic Dart            Conj           ###.         1%          1    None
b - Mephitic Cloud        Conj/Pois/Air  ##......     14%         3    ##.....
c - Conjure Flame         Conj/Fire      ###.....     14%         3    ##.....
B - Blink                 Tloc           N/A          8%          2    None
C - Repel Missiles        Chrm/Air       #.....       17%         2    None


Dungeon Overview and Level Annotations

Branches:
Dungeon (5/15)             Temple (1/1) D:4

Altars:
Ashenzari
Cheibriados
Dithmenos
Elyvilon
Fedhas
Gozag
Hepliaklqana
Kikubaaqudgha
Okawaru
Ru
Sif Muna
Trog
Uskayaw
Vehumet
Xom
Yredelemnul
Zin
The Shining One

Annotations:
D:5 exclusion: Prince Ribbit, Prince Ribbit


Innate Abilities, Weirdness & Mutations

You cannot wear most types of armour.
You are very stealthy in the water. (Stealth+)
You are amphibious.
You can wear up to eight rings at the same time.
You can use your tentacles to constrict eight enemies at once.
Your skin changes colour to match your surroundings (Stealth+).
Your rubbery body absorbs attacks. (AC +1, EV +1)


Message History

Casting: Magic Dart
Confirm with . or Enter, or press ? or * to list all spells.
Aiming: Magic Dart
Press: ? - help, Shift-Dir - straight line, f - orc
Aim: an orc, wielding a hand axe The magic dart hits the orc.
An orc comes into view. It is wielding a flail.
Casting: Magic Dart
Confirm with . or Enter, or press ? or * to list all spells.
Aiming: Magic Dart
Press: ? - help, Shift-Dir - straight line, f/p - orc
Aim: an orc, wielding a hand axe (moderately wounded)
The magic dart hits the orc.
You kill the orc!
Sif Muna accepts your kill.
The orc shouts!
An orc comes into view. It is wielding a dagger of venom.
Casting: Magic Dart
Confirm with . or Enter, or press ? or * to list all spells.
Aiming: Magic Dart
Press: ? - help, Shift-Dir - straight line, f - orc
Aim: an orc, wielding a flail and wearing a chain mail The magic dart hits the orc.
The orc shouts!
Casting: Magic Dart
Confirm with . or Enter, or press ? or * to list all spells.
Aiming: Magic Dart
Press: ? - help, Shift-Dir - straight line, f/p - orc
Aim: an orc, wielding a flail and wearing a chain mail The magic dart hits the orc.
An orc priest comes into view. It is wielding a club.
Casting: Magic Dart
Confirm with . or Enter, or press ? or * to list all spells.
Aiming: Magic Dart
Press: ? - help, Shift-Dir - straight line, f/p - orc
Aim: an orc, wielding a flail and wearing a chain mail (lightly wounded)
The magic dart hits the orc.
The orc priest shouts!
Casting: Magic Dart
Confirm with . or Enter, or press ? or * to list all spells.
Aiming: Magic Dart
Press: ? - help, Shift-Dir - straight line, f/p - orc
Aim: an orc, wielding a flail and wearing a chain mail (lightly wounded)
The magic dart hits the orc.
Casting: Magic Dart
Confirm with . or Enter, or press ? or * to list all spells.
Aiming: Magic Dart
Press: ? - help, Shift-Dir - straight line, f/p - orc
Aim: an orc, wielding a flail and wearing a chain mail (lightly wounded)
The magic dart hits the orc.
The orc priest invokes the aid of Beogh against you.
Beogh smites you!
Casting: Magic Dart
Confirm with . or Enter, or press ? or * to list all spells.
Aiming: Magic Dart
Press: ? - help, Shift-Dir - straight line, f/p - orc
Aim: an orc, wielding a flail and wearing a chain mail (lightly wounded)
The magic dart hits the orc.
The orc closely misses you.
Casting: Magic Dart
Confirm with . or Enter, or press ? or * to list all spells.
You don't have enough magic to cast that spell.
The orc priest calls upon Beogh to heal the orc.
The orc's wounds heal themselves!
The orc closely misses you. The orc misses you.
There is a stone staircase leading down here.
The orc completely misses you.
A leopard gecko comes into view.
There is a stone staircase leading up here.
The orc hits you with a flail.
* * * LOW HITPOINT WARNING * * *
The leopard gecko hisses angrily.
You climb upwards.
There is a stone staircase leading down here.
You hit the orc but do no damage. You grab the orc.
You constrict the orc, but do no damage.
The orc hits you with a flail.
* * * LOW HITPOINT WARNING * * *
You hit the orc but do no damage.
You constrict the orc, but do no damage.
The orc hits you with a flail.
* * * LOW HITPOINT WARNING * * *
You hit the orc but do no damage.
You constrict the orc, but do no damage.
The orc completely misses you.
You hit the orc but do no damage. You constrict the orc.
The orc hits you but does no damage.
Casting: Magic Dart
Confirm with . or Enter, or press ? or * to list all spells.
Aiming: Magic Dart
Press: ? - help, Shift-Dir - straight line, f - orc
Aim: an orc, wielding a flail and wearing a chain mail (lightly wounded, constricted by you)
The magic dart hits the orc.
You constrict the orc.
Casting: Magic Dart
Confirm with . or Enter, or press ? or * to list all spells.
Aiming: Magic Dart
Press: ? - help, Shift-Dir - straight line, f/p - orc
Aim: an orc, wielding a flail and wearing a chain mail (moderately wounded, constricted by you)
The magic dart hits the orc.
You constrict the orc. The orc hits you with a flail!
You die...

####......########
#.....(###........
########.##.#.##.........
#...........#(##.........
###.####.#..#.##.........
#.# #.#..#.##........(
#.# #.#..#[##.#.######
#.# #.#.....#.#.##....
#.####@o..........'....
#.##...##.[..#.#.##....
#.##.#.##.#..#.#.......
#.##......g....########
#.####.##.######
#...#...#.....#########
###.#..................
#.......###.#########
###.###.....# #######


You could see an orc.

Vanquished Creatures
  An ogre (D:4)
  An orc wizard (D:3)
  Jessica (D:3)
  3 worker ants
  3 gnolls (D:3)
  8 adders
  An ooze (D:2)
  4 worms
  4 dart slugs
  4 leopard geckos
  10 orcs
  2 ball pythons
  3 giant cockroaches
  11 goblins
  7 hobgoblins
  8 jackals
  A quokka (D:3)
  7 bats
  5 frilled lizards
  14 kobolds
  9 rats
107 creatures vanquished.

Notes
Turn   | Place    | Note
-------+----------+-------------------------------------------
     0 | D:1      | RKaid the Octopode Wizard began the quest for the Orb.
     0 | D:1      | Reached XP level 1. HP: 11/11 MP: 4/4
   274 | D:1      | Reached XP level 2. HP: 12/17 MP: 1/6
   770 | D:1      | Reached XP level 3. HP: 21/21 MP: 0/8
   956 | D:1      | Reached skill level 2 in Conjurations
  1250 | D:1      | Learned a level 2 spell: Blink
  1254 | D:1      | Learned a level 2 spell: Repel Missiles
  1863 | D:2      | Reached skill level 4 in Spellcasting
  1863 | D:2      | Reached XP level 4. HP: 26/27 MP: 0/10
  2923 | D:3      | Reached skill level 3 in Conjurations
  2923 | D:3      | Reached XP level 5. HP: 16/31 MP: 8/11
  3108 | D:3      | HP: 6/31 [jackal (3)]
  3118 | D:3      | HP: 4/31 [jackal (3)]
  3680 | D:3      | HP: 7/31 [worm (3)]
  4098 | D:3      | Noticed Jessica
  4101 | D:3      | Killed Jessica
  4331 | D:3      | Reached skill level 2 in Translocations
  4433 | D:3      | Reached XP level 6. HP: 36/36 MP: 7/13
  4828 | D:4      | Learned a level 3 spell: Conjure Flame
  4832 | D:4      | Learned a level 3 spell: Mephitic Cloud
  4847 | D:4      | Reached skill level 5 in Spellcasting
  4933 | D:4      | Found a staircase to the Ecumenical Temple.
  4942 | Temple   | Entered the Ecumenical Temple
  5166 | Temple   | Became a worshipper of Sif Muna the Loreminder
  5249 | D:4      | Reached skill level 4 in Conjurations
  5249 | D:4      | Reached skill level 1 in Poison Magic
  6025 | D:5      | Entered Level 5 of the Dungeon
  6028 | D:5      | Noticed Prince Ribbit
  6038 | D:4      | Reached XP level 7. HP: 27/41 MP: 8/14
  6091 | D:3      | HP: 7/41 [orc/flail (4)]
  6095 | D:3      | Slain by an orc

Skill      XL: |  1  2  3  4  5  6 |
---------------+-------------------+-----
Conjurations   | 2 3 4 |  4.2
Spellcasting   | 4 5 |  5.2
Translocations | 2 |  2.4
Poison Magic   | 1 |  1.4
Dodging        | |  2.0
Stealth        | |  2.6
Summonings     | |  1.0

Action                   |  1- 3 |  4- 6 |  7- 9 || total
-------------------------+-------+-------+-------++-------
Melee: Short sword       |    46 |    48 |     4 ||    98
       Constrict         |    11 |    11 |     1 ||    23
       Tentacles         |     5 |     4 |       ||     9
 Cast: Magic Dart        |    75 |   185 |    14 ||   274
       Blink             |     1 |       |       ||     1
       Conjure Flame     |       |     2 |       ||     2
       Mephitic Cloud    |       |       |     1 ||     1
  Use: Scroll            |     3 |     2 |       ||     5
 Stab: Sleeping          |     2 |     1 |       ||     3
  Eat: Chunk             |     3 |    25 |       ||    28
Armor: Skin              |     6 |     5 |     1 ||    12
Dodge: Dodged            |    46 |    69 |     5 ||   120

Vault maps used:
D:1:      mainiacjoe_arrival_reflecting_pool, serial_bayou_pond_b
D:2:      first_bread, minmay_unequal
D:3:      uniq_jessica
D:5:      grunt_decor_arrowhead, uniq_menkaure, uniq_pikel, uniq_prince_ribbit1
Temple:   eino_narrow_crystal_temple

Table legend:
 A = Turns spent in this place as a percentage of turns spent in the entire game.
 B = Non-inter-level travel turns spent in this place as a percentage of non-inter-level travel turns spent in the entire game.
 C = Inter-level travel turns spent in this place as a percentage of turns spent in this place.
 D = Turns resting spent in this place as a percentage of non-inter-level travel turns spent in this place.
 E = Turns spent auto-exploring this place as a percentage of non-inter-level travel turns spent in this place.
 F = Non-inter-level travel turns spent in this place divided by the number of levels of this place that you've seen.
                   A       B       C       D       E      F
               +-------+-------+-------+-------+-------+----------------------
         Total | 100.0 | 100.0 |   0.4 |   9.3 |  13.0 | 189.5
       Dungeon |  97.1 |  97.2 |   0.3 |   9.6 |  12.1 | 221.0
        Temple |   2.9 |   2.8 |   3.0 |   0.0 |  43.8 |  32.0
               +-------+-------+-------+-------+-------+----------------------

Table legend:
 A = Kills in this place as a percentage of kills in entire the game.
 B = Kills by you in this place as a percentage of kills by you in the entire game.
 C = Kills by friends in this place as a percentage of kills by friends in the entire game.
 D = Other kills in this place as a percentage of other kills in the entire game.
 E = Experience gained in this place as a percentage of experience gained in the entire game.
 F = Experience gained in this place divided by the number of levels of this place that you have seen.
                   A       B       C       D       E      F
               +-------+-------+-------+-------+-------+----------------------
         Total | 100.0 | 100.0 |  -nan |  -nan | 100.0 | 104.8
       Dungeon | 100.0 | 100.0 |  -nan |  -nan | 100.0 | 125.8
               +-------+-------+-------+-------+-------+----------------------
